 Dungeon Crawl Stone Soup version 0.20.1-1-g8b1a95d (console) character file.

590 Kloppie the Slasher (level 7, 0/56 HPs)
             Began as a Merfolk Gladiator on July 26, 2017.
             Slain by Duvessa
             ... wielding a +0 short sword
              (11 damage)
             ... on level 4 of the Dungeon.
             The game lasted 00:05:47 (4392 turns).

Kloppie the Slasher (Merfolk Gladiator)             Turns: 4392, Time: 00:05:47

Health: 0/56       AC:  8    Str: 19    XL:     7   Next: 39%
Magic:  4/7        EV: 16    Int:  5    God:
Gold:   153        SH:  0    Dex: 18    Spells: 6/6 levels left

rFire    . . .     SeeInvis .   a - +2 long sword
rCold    . . .     Gourm    .   (no shield)
rNeg     . . .     Faith    .   b - +0 leather armour
rPois    +         Spirit   .   c - +1 helmet
rElec    .         Reflect  .   d - +0 cloak {rPois}
rCorr    .         Harm     .   (no gloves)
MR       +....                  i - +1 pair of boots
Stlth    +.........             (no amulet)
Regen    0.2/turn               h - +1 ring of evasion
MPRegen  0.1/turn               k - +3 ring of strength

@: no status effects
A: change form in water, swift swim, stealthy swim, dopey 1, magic resistance 1,
strong 1
a: no special abilities


You were on level 4 of the Dungeon.
You were not hungry.

You visited 1 branch of the dungeon, and saw 4 of its levels.

You collected 153 gold pieces.

Inventory:

Hand Weapons
 a - a +2 long sword (weapon)
Missiles
 g - a throwing net (quivered)
Armour
 b - a +0 leather armour (worn)
 c - a +1 helmet (worn)
 d - a +0 cloak of poison resistance (worn)
 i - a +1 pair of boots (worn)
Jewellery
 h - a +1 ring of evasion (left hand)
 k - a +3 ring of strength (right hand)
 t - an uncursed ring of magical power {unknown}
Wands
 r - a wand of random effects (17/48)
 s - a wand of flame (26/48)
Scrolls
 m - a scroll of amnesia
 p - 3 scrolls of remove curse
Potions
 e - 3 potions of heal wounds
 j - a potion of curing
 l - a potion of ambrosia {unknown}
 o - a potion of cancellation
Books
 q - a book of Minor Magic

   Spells                             Type                      Level
   a - Magic Dart                     Conjuration                  1
   b - Blink                          Translocation                2
   c - Call Imp                       Summoning                    2
   d - Slow                           Hexes                        2
   e - Conjure Flame                  Conjuration/Fire             3
   f - Mephitic Cloud                 Conjuration/Poison/Air       3
Comestibles
 f - 5 bread rations
 n - 4 chunks of flesh


   Skills:
 - Level 5.5 Fighting
 + Level 6.9 Long Blades
 - Level 2.0 Throwing
 + Level 5.2 Dodging


You had 6 spell levels left.
You didn't know any spells.

Dungeon Overview and Level Annotations

Branches:
Dungeon (4/15)
 Temple: D:4-7

Altars:

Annotations:
D:4 Duvessa; Ejeck's ghost, amateur HuBe; Pikel


Innate Abilities, Weirdness & Mutations

You revert to your normal form in water.
You are very nimble and swift while swimming.
You are very stealthy in the water. (Stealth+)
You are dopey. (Int -2)
You are resistant to hostile enchantments. (MR+)
Your muscles are strong. (Str +2)


Message History

Duvessa weeps, then rights herself and shakes her weapon.
Duvessa goes berserk!
Duvessa closely misses you.
You riposte.
You hit Duvessa.
Duvessa is lightly wounded.
You hit Duvessa but do no damage.
Duvessa is lightly wounded.
Duvessa hits you with a short sword!
* * * LOW HITPOINT WARNING * * *
You slash Duvessa!
Duvessa is moderately wounded.
Duvessa closely misses you. Duvessa hits you with a short sword.
* * * LOW HITPOINT WARNING * * *
You slash Duvessa!
Duvessa is moderately wounded.
Duvessa barely misses you.
You barely miss Duvessa.
Duvessa is moderately wounded.
Duvessa misses you.
You riposte.
You slash Duvessa!
Duvessa is heavily wounded.
Duvessa hits you with a short sword!
You die...

##........## #.#***,,,**
##.......# *#.#.,,,,,,* #
###....## **....,,,,,,** #
##.....# *.....,,,,,,,*
#######.....## *#.....,,,,,,,*
............## *#......,,,,,,,*
.............####?......,,,,,,,**
.#########......#e......,,,,,,,,*
..# ###....@)......,,,,,,,,* ..##
###..........,,,,,,*** ...#
##.........,,,,,,* ..##
#####.....******* ### *#####* #


You could see Duvessa (berserk).

Vanquished Creatures
  Eustachio (D:3)
  3 slaves (D:4)
  An ogre (D:4)
  Dowan (D:4)
  Crazy Yiuf (D:3)
  An orc wizard (D:4)
  A worker ant (D:4)
  Ijyb (D:4)
  Natasha (thrice) (D:2 D:4)
  A gnoll (D:2)
  4 adders
  An ooze (D:1)
  3 worms
  A dart slug (D:2)
  3 leopard geckos (D:3)
  4 orcs (D:4)
  8 bats
  4 giant cockroaches
  9 goblins
  5 hobgoblins
  4 quokkas
  A ball python skeleton (D:4)
  3 frilled lizards
  12 kobolds
  2 leopard gecko skeletons (D:4)
  A quokka skeleton (D:4)
  10 rats
89 creatures vanquished.

Notes
Turn   | Place    | Note
-------+----------+-------------------------------------------
     0 | D:1      | Kloppie the Merfolk Gladiator began the quest for the Orb.
     0 | D:1      | Reached XP level 1. HP: 16/16 MP: 1/1
   139 | D:1      | Reached XP level 2. HP: 17/23 MP: 2/2
   435 | D:1      | Reached XP level 3. HP: 22/29 MP: 3/3
   469 | D:1      | Reached skill level 4 in Long Blades
  1449 | D:2      | Reached XP level 4. HP: 32/35 MP: 4/4
  1634 | D:2      | Noticed Natasha
  1643 | D:2      | Killed Natasha
  1915 | D:2      | Noticed Natasha
  1925 | D:2      | Killed Natasha
  1925 | D:2      | Reached XP level 5. HP: 31/42 MP: 5/5
  2139 | D:3      | Reached skill level 5 in Long Blades
  2394 | D:3      | Found a runed door.
  2807 | D:3      | Noticed Crazy Yiuf
  3138 | D:3      | Killed Crazy Yiuf
  3405 | D:4      | Noticed Ejeck's ghost (amateur HuBe)
  3406 | D:4      | Gained mutation: You are dopey. (Int -2) [potion of mutation]
  3406 | D:4      | Gained mutation: Your muscles are strong. (Str +2) [potion of mutation]
  3406 | D:4      | Gained mutation: You are resistant to hostile enchantments. (MR+) [potion of mutation]
  3470 | D:4      | Noticed Eustachio
  3472 | D:4      | Noticed Natasha
  3509 | D:3      | Killed Eustachio
  3509 | D:3      | Reached skill level 5 in Fighting
  3509 | D:3      | Reached skill level 6 in Long Blades
  3509 | D:3      | Reached XP level 6. HP: 37/51 MP: 6/6
  3592 | D:4      | Killed Natasha
  3713 | D:4      | Noticed Ijyb
  3732 | D:4      | Killed Ijyb
  3865 | D:4      | Noticed a slave
  3866 | D:4      | Noticed a slave
  3868 | D:4      | Noticed Pikel
  3868 | D:4      | Noticed a slave
  3900 | D:4      | Killed a slave
  3904 | D:4      | Killed a slave
  4070 | D:4      | Reached XP level 7. HP: 54/56 MP: 7/7
  4279 | D:4      | Reached skill level 5 in Dodging
  4375 | D:4      | Noticed Duvessa
  4375 | D:4      | Noticed Dowan
  4388 | D:4      | Killed Dowan
  4392 | D:4      | Slain by Duvessa

Skill      XL: |  1  2  3  4  5  6  7 |
---------------+----------------------+-----
Fighting       | 3 4 5 |  5.5
Long Blades    | 4 6 |  6.9
Dodging        | 5 |  5.2
Throwing       | |  2.0

Action                   |  1- 3 |  4- 6 |  7- 9 || total
-------------------------+-------+-------+-------++-------
Melee: Long sword        |   114 |   206 |    38 ||   358
Throw: Throwing net      |     3 |     1 |       ||     4
  Use: Potion            |       |     6 |       ||     6
       Scroll            |       |     6 |     1 ||     7
 Stab: Sleeping          |     2 |     1 |       ||     3
       Held in net/web   |     2 |       |       ||     2
       Invisible         |       |     2 |       ||     2
  Eat: Chunk             |     2 |     7 |     1 ||    10
       Royal jelly       |       |     1 |       ||     1
Armor: Leather armour    |    22 |    61 |     7 ||    90
Dodge: Dodged            |   103 |   189 |    31 ||   323
       Rpst.: Long sword |    32 |    52 |    13 ||    97
